TOP OF THE 1ST |
Reno Aces batting - Pitching for Sacramento River Cats : RHP Dave Crouch
|
Pitching: RHP Dave Crouch
|
|
Batting: SHB Carlos Rodriguez
|
0-0: Ball 1-0: Called Strike 1-1: Ball 2-1: Swinging Strike 2-2: Foul Ball, location: 2F 2-2: Ball 3-2: Fly out, F6 (Line Drive, 6, EV 71.2 MPH)
|
Batting: LHB Jeff Densmore
|
0-0: Foul Ball, location: 2F 0-1: Ball 1-1: Ball 2-1: Ball 3-1: Called Strike 3-2: Base on Balls
|
Batting: LHB Ian Jarvis
|
0-0: Ball 1-0: Foul Ball, location: 2F 1-1: Ball 2-1: Ground out 5-3 (Groundball, 56, EV 101.9 MPH) Jeff Densmore to second
|
Batting: RHB Enrique Juarez
|
0-0: Ball 1-0: Called Strike 1-1: Ground out 4-3 (Groundball, 4, EV 85.0 MPH)
|
Top of the 1st over - 0 runs, 0 hits, 0 errors, 1 left on base; Reno 0 - Sacramento 0 |
BOTTOM OF THE 1ST |
Sacramento River Cats batting - Pitching for Reno Aces : RHP Jeff Whaley
|
Pitching: RHP Jeff Whaley
|
|
Batting: LHB Mason Duffy
|
0-0: Swinging Strike 0-1: Fly out, F9 (Flyball, 9S, EV 76.2 MPH)
|
Batting: RHB Brian Rogers
|
0-0: Called Strike 0-1: Fly out, F7 (Flyball, 78S, EV 89.4 MPH)
|
Batting: LHB Ryan Braden
|
0-0: Ball 1-0: SINGLE (Groundball, 6MS, EV 70.0 MPH) (infield hit)
|
Batting: LHB Kevin Kantor
|
0-0: Swinging Strike 0-1: Swinging Strike 0-2: SINGLE (Groundball, 6MD, EV 93.8 MPH) Ryan Braden to second Runner from 2nd tries for 3rd, SAFE, throw by CF made to third Kevin Kantor to second
|
Batting: LHB Jared Paige
|
0-0: Called Strike 0-1: Swinging Strike 0-2: Ball 1-2: Strikes out swinging
|
Bottom of the 1st over - 0 runs, 2 hits, 0 errors, 2 left on base; Reno 0 - Sacramento 0 |
TOP OF THE 2ND |
Reno Aces batting - Pitching for Sacramento River Cats : RHP Dave Crouch
|
Batting: LHB Rich Butler
|
0-0: Called Strike 0-1: Fly out, F7 (Flyball, 7, EV 91.9 MPH)
|
Batting: LHB Steve Reinhart
|
0-0: Ball 1-0: Foul Ball, location: 2F 1-1: Ball 2-1: Ball 3-1: Ground out U3 (Groundball, 34, EV 78.8 MPH)
|
Batting: RHB Dustin Clark
|
0-0: Ball 1-0: Foul Ball, location: 2F 1-1: SINGLE (Groundball, 4MD, EV 107.5 MPH)
|
Batting: RHB Danny Gerardo
|
0-0: Ball 1-0: Ball 2-0: Fielders Choice at 2nd, 6-4 (Groundball, 56, EV 92.5 MPH)
|
Top of the 2nd over - 0 runs, 1 hit, 0 errors, 1 left on base; Reno 0 - Sacramento 0 |
BOTTOM OF THE 2ND |
Sacramento River Cats batting - Pitching for Reno Aces : RHP Jeff Whaley
|
Batting: RHB Justin Baldwin
|
0-0: SINGLE (Groundball, 13, EV 81.9 MPH) (infield hit)
|
Batting: RHB Nick Wicker
|
0-0: Foul Ball, location: 2F 0-1: Swinging Strike 0-2: Foul Ball, location: 2F 0-2: Ball 1-2: Ball 2-2: Foul Ball, location: 2F 2-2: Fly out, F8 (Flyball, 8RXD, EV 106.2 MPH)
|
Batting: RHB Dave Crouch
|
0-0: Ball 1-0: Ball 2-0: Called Strike 2-1: Fly out, F7 (Flyball, 7LM, EV 96.2 MPH)
|
Batting: RHB Matt Shepard
|
0-0: Called Strike 0-1: Ball 1-1: Called Strike 1-2: Foul Ball, location: 2F 1-2: Ground out 4-3 (Groundball, 4S, EV 80.0 MPH)
|
Bottom of the 2nd over - 0 runs, 1 hit, 0 errors, 1 left on base; Reno 0 - Sacramento 0 |
TOP OF THE 3RD |
Reno Aces batting - Pitching for Sacramento River Cats : RHP Dave Crouch
|
Batting: RHB Justin Aslinger
|
0-0: SINGLE (Line Drive, 4D, EV 101.9 MPH)
|
Batting: SHB Carlos Rodriguez
|
0-0: Ball 1-0: Swinging Strike 1-1: Ball 2-1: DOUBLE (Line Drive, 7LS, EV 110.6 MPH) Justin Aslinger to third
|
Batting: LHB Jeff Densmore
|
0-0: Called Strike 0-1: Swinging Strike 0-2: Strikes out looking
|
Batting: LHB Ian Jarvis
|
0-0: Called Strike 0-1: Called Strike 0-2: Ball 1-2: Ball 2-2: Ball 3-2: Foul Ball, location: 2F 3-2: Base on Balls
|
Batting: RHB Enrique Juarez
|
0-0: Ball 1-0: Foul Ball, location: 2F 1-1: Swinging Strike 1-2: Foul Ball, location: 2F 1-2: Foul Ball, location: 2F 1-2: Fielders Choice at 2nd, 4-6 (Groundball, 34, EV 89.4 MPH) Justin Aslinger scores Carlos Rodriguez to third
|
Batting: LHB Rich Butler
|
0-0: Ball 1-0: Foul Ball, location: 2F 1-1: Fly out, F8 (Flyball, 8RD, EV 95.0 MPH)
|
Top of the 3rd over - 1 run, 2 hits, 0 errors, 2 left on base; Reno 1 - Sacramento 0 |
BOTTOM OF THE 3RD |
Sacramento River Cats batting - Pitching for Reno Aces : RHP Jeff Whaley
|
Batting: LHB Mason Duffy
|
0-0: Ball 1-0: Ball 2-0: Ball 3-0: Base on Balls
|
Batting: RHB Brian Rogers
|
0-0: Ball Mason Duffy steals 2nd base 1-0: SINGLE (Groundball, 56D, EV 106.9 MPH) Mason Duffy to third Runner from 3rd tries for Home, SAFE, throw by LF to home Brian Rogers to second
|
Batting: LHB Ryan Braden
|
0-0: Called Strike 0-1: Foul Ball, location: 2F 0-2: Strikes out swinging
|
Batting: LHB Kevin Kantor
|
0-0: Ball 1-0: Called Strike 1-1: Ground out 4-3 (Groundball, 4M, EV 75.6 MPH) Brian Rogers to third
|
Batting: LHB Jared Paige
|
0-0: Ball 1-0: Foul Ball, location: 2F 1-1: Called Strike 1-2: Reached on error, E4 (Groundball, 34D, EV 85.0 MPH) Brian Rogers scores
|
Batting: RHB Justin Baldwin
|
0-0: Swinging Strike 0-1: Ball 1-1: SINGLE (Groundball, 56D, EV 95.6 MPH) Jared Paige to third Runner from 3rd tries for Home, SAFE, throw by LF to home Justin Baldwin to second
|
Batting: RHB Nick Wicker
|
0-0: Ball 1-0: Called Strike 1-1: Ball 2-1: Swinging Strike 2-2: Ground out 6-3 (Groundball, 6S, EV 64.4 MPH)
|
Bottom of the 3rd over - 3 runs, 2 hits, 1 error, 1 left on base; Reno 1 - Sacramento 3 |
TOP OF THE 4TH |
Reno Aces batting - Pitching for Sacramento River Cats : RHP Dave Crouch
|
Batting: LHB Steve Reinhart
|
0-0: Ball 1-0: Ground out 5-3 (Groundball, 56S, EV 67.5 MPH)
|
Batting: RHB Dustin Clark
|
0-0: Ball 1-0: Ball 2-0: Ball 3-0: Base on Balls
|
Batting: RHB Danny Gerardo
|
0-0: Ball 1-0: Foul Ball, location: 2F 1-1: SINGLE (Flyball, 7S, EV 90.6 MPH) Dustin Clark to second
|
Batting: RHB Justin Aslinger
|
0-0: Foul Ball, location: 2F 0-1: Ball 1-1: Foul Ball, location: 2F 1-2: Foul Ball, location: 2F 1-2: Grounds into double play, 4-6-3 (Groundball, 4M, EV 100.0 MPH)
|
Top of the 4th over - 0 runs, 1 hit, 0 errors, 1 left on base; Reno 1 - Sacramento 3 |
BOTTOM OF THE 4TH |
Sacramento River Cats batting - Pitching for Reno Aces : RHP Jeff Whaley
|
Batting: RHB Dave Crouch
|
0-0: Swinging Strike 0-1: Foul Ball, location: 2F 0-2: Foul Ball, location: 2F 0-2: Ball 1-2: SINGLE (Groundball, 6MD, EV 101.2 MPH)
|
Batting: RHB Matt Shepard
|
0-0: Foul Ball, location: 2F 0-1: Called Strike 0-2: Ball 1-2: Foul Ball, location: 2F 1-2: SINGLE (Line Drive, 34D, EV 98.8 MPH) Dave Crouch to second
|
Batting: LHB Mason Duffy
|
0-0: Ball 1-0: Foul Ball, location: 2F 1-1: Ball 2-1: Foul Ball, location: 2F 2-2: Fly out, F5 (Popup, 15, EV 79.4 MPH)
|
Batting: RHB Brian Rogers
|
0-0: Called Strike 0-1: Foul Ball, location: 2F 0-2: Fly out, F8 (Flyball, 8LD, EV 91.9 MPH)
|
Batting: LHB Ryan Braden
|
0-0: Called Strike 0-1: Foul Ball, location: 2F 0-2: Strikes out looking
|
Bottom of the 4th over - 0 runs, 2 hits, 0 errors, 2 left on base; Reno 1 - Sacramento 3 |
TOP OF THE 5TH |
Reno Aces batting - Pitching for Sacramento River Cats : RHP Dave Crouch
|
Batting: SHB Carlos Rodriguez
|
0-0: SOLO HOME RUN (Flyball, 89XD, EV 105.6 MPH), Distance : 438 ft
|
Batting: LHB Jeff Densmore
|
0-0: Ball 1-0: Ball 2-0: DOUBLE (Flyball, 8RXD, EV 93.1 MPH)
|
Batting: LHB Ian Jarvis
|
0-0: Ball 1-0: Ball 2-0: Called Strike 2-1: Ball 3-1: Foul Ball, location: 2F 3-2: Base on Balls
|
Batting: RHB Enrique Juarez
|
0-0: Swinging Strike 0-1: Grounds into double play, 6-4-3 (Groundball, 6, EV 90.6 MPH) Jeff Densmore to third
|
Batting: LHB Rich Butler
|
0-0: Foul Ball, location: 2F 0-1: Fly out, F3 (Line Drive, 3, EV 75.0 MPH)
|
Top of the 5th over - 1 run, 2 hits, 0 errors, 1 left on base; Reno 2 - Sacramento 3 |
BOTTOM OF THE 5TH |
Sacramento River Cats batting - Pitching for Reno Aces : RHP Jeff Whaley
|
Batting: LHB Kevin Kantor
|
0-0: Ball 1-0: Ball 2-0: Called Strike 2-1: Ground out U3 (Groundball, 3, EV 106.2 MPH)
|
Batting: LHB Jared Paige
|
0-0: Ball 1-0: Swinging Strike 1-1: Ball 2-1: Foul Ball, location: 2F 2-2: Ball 3-2: Foul Ball, location: 2F 3-2: Strikes out looking
|
Batting: RHB Justin Baldwin
|
0-0: Ball 1-0: Fly out, F9 (Flyball, 9, EV 85.6 MPH)
|
Bottom of the 5th over - 0 runs, 0 hits, 0 errors, 0 left on base; Reno 2 - Sacramento 3 |
TOP OF THE 6TH |
Reno Aces batting - Pitching for Sacramento River Cats : RHP Dave Crouch
|
Batting: LHB Steve Reinhart
|
0-0: Ball 1-0: Called Strike 1-1: Ground out 4-3 (Groundball, 4, EV 109.4 MPH)
|
Batting: RHB Dustin Clark
|
0-0: Ball 1-0: SOLO HOME RUN (Flyball, 7D, EV 101.9 MPH), Distance : 409 ft
|
Batting: RHB Danny Gerardo
|
0-0: Called Strike 0-1: Ball 1-1: Ground out 4-3 (Groundball, 4, EV 103.1 MPH)
|
Batting: RHB Justin Aslinger
|
0-0: Ball 1-0: Called Strike 1-1: Ball 2-1: SINGLE (Groundball, 6MD, EV 107.5 MPH)
|
Batting: SHB Carlos Rodriguez
|
0-0: 2-RUN HOME RUN (Line Drive, 89XD, EV 106.9 MPH), Distance : 441 ft
|
Pitching: RHP Adam Browne
|
|
Batting: LHB Jeff Densmore
|
0-0: Ball 1-0: Ball 2-0: Ball 3-0: Base on Balls
|
Batting: LHB Ian Jarvis
|
0-0: Ball 1-0: Ball 2-0: Called Strike 2-1: Swinging Strike 2-2: Foul Ball, location: 2F 2-2: Ball 3-2: Fly out, F9 (Flyball, 9S, EV 86.9 MPH)
|
Top of the 6th over - 3 runs, 3 hits, 0 errors, 1 left on base; Reno 5 - Sacramento 3 |
BOTTOM OF THE 6TH |
Sacramento River Cats batting - Pitching for Reno Aces : RHP Jeff Whaley
|
Pitching: RHP Adam Maida
|
|
Batting: RHB Nick Wicker
|
0-0: Ball 1-0: Ball 2-0: Ball 3-0: Base on Balls
|
Batting: RHB Dave Crouch
|
0-0: Called Strike 0-1: Ball Nick Wicker steals 2nd base 1-1: Ground out 4-3 (Groundball, 4, EV 105.0 MPH) Nick Wicker to third
|
Batting: RHB Matt Shepard
|
0-0: Ground out 6-3 (Groundball, 56, EV 83.1 MPH) Nick Wicker scores
|
Batting: LHB Mason Duffy
|
0-0: Called Strike 0-1: Foul Ball, location: 2F 0-2: Ball 1-2: Foul Ball, location: 2F 1-2: Foul Ball, location: 2F 1-2: Foul Ball, location: 2F 1-2: Ground out 5-3 (Groundball, 56S, EV 86.2 MPH)
|
Bottom of the 6th over - 1 run, 0 hits, 0 errors, 0 left on base; Reno 5 - Sacramento 4 |
TOP OF THE 7TH |
Reno Aces batting - Pitching for Sacramento River Cats : RHP Adam Browne
|
Batting: RHB Enrique Juarez
|
0-0: Ball 1-0: Foul Ball, location: 2F 1-1: Swinging Strike 1-2: SINGLE (Groundball, 56D, EV 105.0 MPH)
|
Batting: LHB Rich Butler
|
0-0: Ball Enrique Juarez steals 2nd base 1-0: Fly out, F8 (Flyball, 8RD, EV 103.8 MPH)
|
Batting: LHB Steve Reinhart
|
0-0: Intentional Walk
|
Batting: RHB Dustin Clark
|
0-0: Ball 1-0: 3-RUN HOME RUN (Flyball, 7D, EV 101.2 MPH), Distance : 390 ft
|
Pitching: RHP Israel Alvarado
|
|
Batting: RHB Danny Gerardo
|
0-0: Swinging Strike 0-1: Ground out 5-3 (Groundball, 56S, EV 92.5 MPH)
|
Batting: RHB Justin Aslinger
|
0-0: Called Strike 0-1: Ball 1-1: Foul Ball, location: 2F 1-2: Ball 2-2: Ball 3-2: Foul Ball, location: 2F 3-2: Strikes out swinging
|
Top of the 7th over - 3 runs, 2 hits, 0 errors, 0 left on base; Reno 8 - Sacramento 4 |
BOTTOM OF THE 7TH |
Sacramento River Cats batting - Pitching for Reno Aces : RHP Adam Maida
|
Pitching: RHP Jose Fernandez
|
|
Now at 1B: Cesar Chavez
|
|
Batting: RHB Brian Rogers
|
0-0: Ball 1-0: Ball 2-0: Called Strike 2-1: Swinging Strike 2-2: Ball 3-2: Base on Balls
|
Batting: LHB Ryan Braden
|
0-0: Called Strike Brian Rogers steals 2nd base 0-1: Foul Ball, location: 2F 0-2: Ball 1-2: Fly out, F4 (Line Drive, 4, EV 68.8 MPH)
|
Batting: LHB Kevin Kantor
|
0-0: Ball 1-0: Ball 2-0: Called Strike 2-1: Ground out 4-3 (Groundball, 4, EV 103.8 MPH) Brian Rogers to third
|
Batting: LHB Jared Paige
|
0-0: SINGLE (Groundball, 6MD, EV 98.8 MPH) Brian Rogers scores
|
Batting: RHB Justin Baldwin
|
0-0: Ball 1-0: Foul Ball, location: 2F 1-1: Ball 2-1: Foul Ball, location: 2F 2-2: Strikes out swinging
|
Bottom of the 7th over - 1 run, 1 hit, 0 errors, 1 left on base; Reno 8 - Sacramento 5 |
TOP OF THE 8TH |
Reno Aces batting - Pitching for Sacramento River Cats : RHP Israel Alvarado
|
Pitching: LHP Mike del Rio
|
|
Batting: SHB Carlos Rodriguez
|
0-0: Called Strike 0-1: Foul Ball, location: 2F 0-2: DOUBLE (Line Drive, 89D, EV 112.5 MPH)
|
Batting: LHB Jeff Densmore
|
0-0: Foul Ball, location: 2F 0-1: Foul Ball, location: 2F 0-2: Ball 1-2: Foul Ball, location: 2F 1-2: Strikes out swinging
|
Batting: LHB Ian Jarvis
|
0-0: Ball 1-0: Foul Ball, location: 2F 1-1: Ball 2-1: Called Strike 2-2: Strikes out swinging
|
Batting: RHB Enrique Juarez
|
0-0: Ball 1-0: Ball 2-0: Ball 3-0: Base on Balls
|
Batting: RHB Cesar Chavez
|
0-0: Ball 1-0: Ball 2-0: Called Strike 2-1: Foul Ball, location: 2F 2-2: Foul Ball, location: 2F 2-2: Ball 3-2: Foul Ball, location: 2F 3-2: Base on Balls Carlos Rodriguez to third Enrique Juarez to second
|
Batting: LHB Steve Reinhart
|
0-0: Fly out, F8 (Flyball, 78M, EV 80.0 MPH)
|
Top of the 8th over - 0 runs, 1 hit, 0 errors, 3 left on base; Reno 8 - Sacramento 5 |
BOTTOM OF THE 8TH |
Sacramento River Cats batting - Pitching for Reno Aces : RHP Jose Fernandez
|
Pitching: LHP Justin Dine
|
|
Now at 2B: Jonathan Lugo
|
|
Now at 3B: Steve Reinhart
|
|
Now in LF: Roberto Rodriguez
|
|
Batting: RHB Nick Wicker
|
0-0: Ground out U3 (Groundball, 34, EV 103.8 MPH)
|
Batting: RHB Dave Crouch
|
0-0: Ball 1-0: Foul Ball, location: 2F 1-1: Ball 2-1: Fly out, F8 (Flyball, 8RS, EV 88.8 MPH)
|
Batting: RHB Matt Shepard
|
0-0: Foul Ball, location: 2F 0-1: Called Strike 0-2: Foul Ball, location: 2F 0-2: Foul Ball, location: 2F 0-2: Foul Ball, location: 2F 0-2: Ball 1-2: Strikes out swinging
|
Bottom of the 8th over - 0 runs, 0 hits, 0 errors, 0 left on base; Reno 8 - Sacramento 5 |
TOP OF THE 9TH |
Reno Aces batting - Pitching for Sacramento River Cats : LHP Mike del Rio
|
Pitching: RHP Doug Kennie
|
|
Batting: RHB Roberto Rodriguez
|
0-0: Foul Ball, location: 2F 0-1: Ball 1-1: Ball 2-1: Swinging Strike 2-2: Ball 3-2: Ground out 6-3 (Groundball, 6, EV 91.9 MPH)
|
Batting: RHB Danny Gerardo
|
0-0: Ground out 5-3 (Groundball, 56S, EV 69.4 MPH)
|
Batting: RHB Justin Aslinger
|
0-0: Ball 1-0: Ball 2-0: Called Strike 2-1: Ball 3-1: TRIPLE (Line Drive, 89XD, EV 104.4 MPH)
|
Batting: SHB Carlos Rodriguez
|
0-0: Ball 1-0: Ball Wild Pitch! Justin Aslinger scores 2-0: Ball 3-0: Called Strike 3-1: Called Strike 3-2: Base on Balls
|
Batting: LHB Jeff Densmore
|
0-0: Ball 1-0: Called Strike Carlos Rodriguez steals 2nd base 1-1: Swinging Strike 1-2: Strikes out looking
|
Top of the 9th over - 1 run, 1 hit, 0 errors, 1 left on base; Reno 9 - Sacramento 5 |
BOTTOM OF THE 9TH |
Sacramento River Cats batting - Pitching for Reno Aces : LHP Justin Dine
|
Pitching: LHP Tristan Morrow
|
|
Batting: LHB Mason Duffy
|
0-0: Foul Ball, location: 2F 0-1: Fly out, F9 (Flyball, 9S, EV 76.9 MPH)
|
Batting: RHB Brian Rogers
|
0-0: Swinging Strike 0-1: Fly out, F7 (Flyball, 7LD, EV 102.5 MPH)
|
Batting: LHB Ryan Braden
|
0-0: Fly out, F8 (Flyball, 78M, EV 88.8 MPH)
|
Bottom of the 9th over - 0 runs, 0 hits, 0 errors, 0 left on base; Reno 9 - Sacramento 5 |
|